BLB
SANTO DOMINGO RUM RUNNERS @ PHILADELPHIA FREEDOM
08/08/2059
 
TOP OF THE 1ST
Santo Domingo Rum Runners batting - Pitching for Philadelphia Freedom : LHP Hayden Watkins
Pitching: LHP Hayden Watkins
Batting: RHB Kenny West 0-0: Called Strike
0-1: Swinging Strike
0-2: Ball
1-2: Foul Ball, location: 2F
1-2: Ground out 6-3 (Groundball, 6, EV 100.0 MPH)
Batting: RHB Gage Hay 0-0: Foul Ball, location: 2F
0-1: Foul Ball, location: 2F
0-2: Foul Ball, location: 2F
0-2: Foul Ball, location: 2F
0-2: Fly out, F3 (Popup, 3SF, EV 80.6 MPH)
Batting: RHB Payton Weinberg 0-0: Ball
1-0: Ball
2-0: SINGLE (Groundball, 6MD, EV 106.2 MPH)
Batting: LHB Damon Casebier 0-0: Called Strike
Payton Weinberg steals 2nd base
0-1: Ball
1-1: Ball
2-1: Swinging Strike
2-2: Foul Ball, location: 2F
2-2: Ball
3-2: Base on Balls
Batting: RHB Devin Geertz 0-0: Swinging Strike
0-1: SINGLE (Line Drive, 3D, EV 105.6 MPH)
Payton Weinberg to third
Damon Casebier to second
Batting: LHB Ronald Anderson 0-0: Ball
1-0: Called Strike
1-1: Fielders Choice at 2nd, 6-4 (Groundball, 6, EV 105.6 MPH)
Top of the 1st over - 0 runs, 2 hits, 0 errors, 3 left on base; Santo Domingo 0 - Philadelphia 0
BOTTOM OF THE 1ST
Philadelphia Freedom batting - Pitching for Santo Domingo Rum Runners : RHP Rice Cochell
Pitching: RHP Rice Cochell
Batting: RHB James Goebel 0-0: Called Strike
0-1: Foul Ball, location: 2F
0-2: Strikes out swinging
Batting: RHB Phillip Cox 0-0: Foul Ball, location: 2F
0-1: Foul Ball, location: 2F
0-2: Ball
1-2: Ball
2-2: Foul Ball, location: 2F
2-2: Strikes out swinging
Batting: LHB Rob Morris 0-0: Foul Ball, location: 2F
0-1: Swinging Strike
0-2: Ground out 6-3 (Groundball, 6, EV 88.8 MPH)
Bottom of the 1st over - 0 runs, 0 hits, 0 errors, 0 left on base; Santo Domingo 0 - Philadelphia 0
TOP OF THE 2ND
Santo Domingo Rum Runners batting - Pitching for Philadelphia Freedom : LHP Hayden Watkins
Batting: LHB Kolby Carter 0-0: Ball
1-0: Called Strike
1-1: Ball
2-1: Ball
3-1: Foul Ball, location: 2F
3-2: Fly out, F4 (Popup, 34S, EV 91.2 MPH)
Batting: RHB Jeremy Dillingham 0-0: Called Strike
0-1: Ball
1-1: Ball
2-1: SINGLE (Groundball, 6MD, EV 101.9 MPH)
Batting: RHB Devain Ecevit 0-0: Ball
1-0: Foul Ball, location: 2F
1-1: Ball
2-1: SINGLE (Groundball, 34D, EV 101.2 MPH)
Jeremy Dillingham to second
Runner from 2nd tries for 3rd, SAFE, throw by RF made to third
Batting: RHB Kenny West 0-0: Fielders Choice at 2nd, 3-6 (Groundball, 3S, EV 91.2 MPH)
Jeremy Dillingham scores
Batting: RHB Gage Hay 0-0: Foul Ball, location: 2F
0-1: Swinging Strike
0-2: Ball
1-2: Strikes out looking
Top of the 2nd over - 1 run, 2 hits, 0 errors, 1 left on base; Santo Domingo 1 - Philadelphia 0
BOTTOM OF THE 2ND
Philadelphia Freedom batting - Pitching for Santo Domingo Rum Runners : RHP Rice Cochell
Batting: RHB Mitch Marcinkowski 0-0: Called Strike
0-1: Called Strike
0-2: Strikes out swinging
Batting: LHB Amonte Raper 0-0: Called Strike
0-1: DOUBLE (Groundball, 3L, EV 94.4 MPH)
Batting: RHB Isaiah Thomas 0-0: Ball
1-0: Ball
2-0: Foul Ball, location: 2F
2-1: Ball
3-1: Foul Ball, location: 2F
3-2: Strikes out looking
Batting: RHB Burgess Nalivkin 0-0: Ball
1-0: Called Strike
1-1: Ball
2-1: Fly out, F9 (Flyball, 89M, EV 77.5 MPH)
Bottom of the 2nd over - 0 runs, 1 hit, 0 errors, 1 left on base; Santo Domingo 1 - Philadelphia 0
TOP OF THE 3RD
Santo Domingo Rum Runners batting - Pitching for Philadelphia Freedom : LHP Hayden Watkins
Batting: RHB Payton Weinberg 0-0: Fly out, F8 (Line Drive, 8RD, EV 99.4 MPH)
Batting: LHB Damon Casebier 0-0: Ball
1-0: Swinging Strike
1-1: Swinging Strike
1-2: Ball
2-2: Foul Ball, location: 2F
2-2: Strikes out looking
Batting: RHB Devin Geertz 0-0: SOLO HOME RUN (Line Drive, 78XD, EV 100.0 MPH), Distance : 395 ft
Batting: LHB Ronald Anderson 0-0: Called Strike
0-1: Foul Ball, location: 2F
0-2: Ball
1-2: Strikes out swinging
Top of the 3rd over - 1 run, 1 hit, 0 errors, 0 left on base; Santo Domingo 2 - Philadelphia 0
BOTTOM OF THE 3RD
Philadelphia Freedom batting - Pitching for Santo Domingo Rum Runners : RHP Rice Cochell
Batting: RHB Art Swor 0-0: Ball
1-0: Called Strike
1-1: Called Strike
1-2: Ball
2-2: Ball
3-2: Strikes out swinging
Batting: RHB Garret Connors 0-0: Called Strike
0-1: Fly out, F7 (Flyball, 78M, EV 93.8 MPH)
Batting: RHB James Goebel 0-0: Called Strike
0-1: Swinging Strike
0-2: Foul Ball, location: 2F
0-2: Ball
1-2: Ball
2-2: Fly out, F7 (Line Drive, 7, EV 85.6 MPH)
Bottom of the 3rd over - 0 runs, 0 hits, 0 errors, 0 left on base; Santo Domingo 2 - Philadelphia 0
TOP OF THE 4TH
Santo Domingo Rum Runners batting - Pitching for Philadelphia Freedom : LHP Hayden Watkins
Batting: LHB Kolby Carter 0-0: SINGLE (Line Drive, 89S, EV 104.4 MPH)
Batting: RHB Jeremy Dillingham 0-0: Ball
1-0: Ball
2-0: Fly out, F8 (Line Drive, 78M, EV 111.2 MPH)
Batting: RHB Devain Ecevit 0-0: Ball
1-0: Foul Ball, location: 2F
1-1: Called Strike
Kolby Carter is caught stealing 2nd base 2-4
1-2: Ball
2-2: Ball
3-2: Ground out 3-1 (Groundball, 34S, EV 81.9 MPH)
Top of the 4th over - 0 runs, 1 hit, 0 errors, 0 left on base; Santo Domingo 2 - Philadelphia 0
BOTTOM OF THE 4TH
Philadelphia Freedom batting - Pitching for Santo Domingo Rum Runners : RHP Rice Cochell
Batting: RHB Phillip Cox 0-0: Ball
1-0: Foul Ball, location: 2F
1-1: Called Strike
1-2: Strikes out swinging
Batting: LHB Rob Morris 0-0: Ball
1-0: Fly out, F3 (Popup, 3, EV 68.1 MPH)
Batting: RHB Mitch Marcinkowski 0-0: Swinging Strike
0-1: Called Strike
0-2: Ground out 2-3 (Groundball, 2L, EV 61.9 MPH)
Bottom of the 4th over - 0 runs, 0 hits, 0 errors, 0 left on base; Santo Domingo 2 - Philadelphia 0
TOP OF THE 5TH
Santo Domingo Rum Runners batting - Pitching for Philadelphia Freedom : LHP Hayden Watkins
Batting: RHB Kenny West 0-0: Called Strike
0-1: Ball
1-1: Ball
2-1: SOLO HOME RUN (Flyball, 7LD, EV 92.5 MPH), Distance : 357 ft
Batting: RHB Gage Hay 0-0: Fly out, F8 (Line Drive, 8RD, EV 103.1 MPH)
Batting: RHB Payton Weinberg 0-0: Ball
1-0: Fly out, F7 (Flyball, 78M, EV 89.4 MPH)
Batting: LHB Damon Casebier 0-0: Ball
1-0: Foul Ball, location: 2F
1-1: Ball
2-1: Foul Ball, location: 2F
2-2: Fly out, F8 (Flyball, 89D, EV 90.0 MPH)
Top of the 5th over - 1 run, 1 hit, 0 errors, 0 left on base; Santo Domingo 3 - Philadelphia 0
BOTTOM OF THE 5TH
Philadelphia Freedom batting - Pitching for Santo Domingo Rum Runners : RHP Rice Cochell
Batting: LHB Amonte Raper 0-0: Hit by Pitch
Batting: RHB Isaiah Thomas 0-0: Foul Ball, location: 2F
0-1: Called Strike
0-2: Foul Ball, location: 2F
0-2: Ball
1-2: Foul Ball, location: 2F
1-2: Ball
2-2: Ball
3-2: Grounds into double play, 6-4-3 (Groundball, 6, EV 86.2 MPH)
Batting: RHB Burgess Nalivkin 0-0: Ball
1-0: Called Strike
1-1: Foul Ball, location: 2F
1-2: Fly out, F7 (Flyball, 78S, EV 91.2 MPH)
Bottom of the 5th over - 0 runs, 0 hits, 0 errors, 0 left on base; Santo Domingo 3 - Philadelphia 0
TOP OF THE 6TH
Santo Domingo Rum Runners batting - Pitching for Philadelphia Freedom : LHP Hayden Watkins
Batting: RHB Devin Geertz 0-0: Foul Ball, location: 2F
0-1: Fly out, F4 (Popup, 3D, EV 56.2 MPH)
Batting: LHB Ronald Anderson 0-0: Ball
1-0: Swinging Strike
1-1: Foul Ball, location: 2F
1-2: Foul Ball, location: 2F
1-2: Foul Ball, location: 2F
1-2: Ball
2-2: Ground out 1-3 (Groundball, 13S, EV 75.0 MPH)
Batting: LHB Kolby Carter 0-0: Swinging Strike
0-1: Ball
1-1: Fly out, F6 (Popup, 6D, EV 46.2 MPH)
Top of the 6th over - 0 runs, 0 hits, 0 errors, 0 left on base; Santo Domingo 3 - Philadelphia 0
BOTTOM OF THE 6TH
Philadelphia Freedom batting - Pitching for Santo Domingo Rum Runners : RHP Rice Cochell
Batting: RHB Art Swor 0-0: Called Strike
0-1: Called Strike
0-2: Ball
1-2: Foul Ball, location: 2F
1-2: Fly out, F7 (Flyball, 78XD, EV 100.6 MPH)
Batting: RHB Garret Connors 0-0: Ball
1-0: Foul Ball, location: 2F
1-1: Ball
2-1: Foul Ball, location: 2F
2-2: Strikes out looking
Batting: RHB James Goebel 0-0: Ground out 5-3 (Groundball, 56, EV 92.5 MPH)
Bottom of the 6th over - 0 runs, 0 hits, 0 errors, 0 left on base; Santo Domingo 3 - Philadelphia 0
TOP OF THE 7TH
Santo Domingo Rum Runners batting - Pitching for Philadelphia Freedom : LHP Hayden Watkins
Batting: RHB Jeremy Dillingham 0-0: Called Strike
0-1: Called Strike
0-2: Ball
1-2: Ball
2-2: Foul Ball, location: 2F
2-2: Foul Ball, location: 2F
2-2: Fly out, F8 (Flyball, 8RD, EV 96.2 MPH)
Batting: RHB Devain Ecevit 0-0: Called Strike
0-1: Ball
1-1: Ground out 4-3 (Groundball, 4M, EV 103.1 MPH)
Batting: RHB Kenny West 0-0: Ball
1-0: Ground out 1-3 (Groundball, 13, EV 68.8 MPH)
Top of the 7th over - 0 runs, 0 hits, 0 errors, 0 left on base; Santo Domingo 3 - Philadelphia 0
BOTTOM OF THE 7TH
Philadelphia Freedom batting - Pitching for Santo Domingo Rum Runners : RHP Rice Cochell
Batting: RHB Phillip Cox 0-0: Called Strike
0-1: Swinging Strike
0-2: Strikes out swinging
Batting: LHB Rob Morris 0-0: Swinging Strike
0-1: Ball
1-1: DOUBLE (Line Drive, 9LS, EV 100.6 MPH)
Batting: RHB Mitch Marcinkowski 0-0: Foul Ball, location: 2F
0-1: Called Strike
0-2: Ball
1-2: Strikes out looking
Batting: LHB Amonte Raper 0-0: Ball
1-0: Swinging Strike
1-1: Ground out 6-3 (Groundball, 6, EV 105.0 MPH)
Bottom of the 7th over - 0 runs, 1 hit, 0 errors, 1 left on base; Santo Domingo 3 - Philadelphia 0
TOP OF THE 8TH
Santo Domingo Rum Runners batting - Pitching for Philadelphia Freedom : LHP Hayden Watkins
Batting: RHB Gage Hay 0-0: Ball
1-0: Ball
2-0: Ball
3-0: Called Strike
3-1: Base on Balls
Pitching: RHP Levi Quinn
Batting: RHB Payton Weinberg 0-0: Ball
1-0: Foul Ball, location: 2F
1-1: Foul Ball, location: 2F
1-2: Fly out, F7 (Line Drive, 7S, EV 99.4 MPH)
Batting: LHB Damon Casebier 0-0: Foul Ball, location: 2F
0-1: SINGLE (Line Drive, 7S, EV 103.1 MPH)
Gage Hay to second
Batting: RHB Devin Geertz 0-0: Grounds into double play, 5-4-3 (Groundball, 56, EV 90.0 MPH)
Top of the 8th over - 0 runs, 1 hit, 0 errors, 1 left on base; Santo Domingo 3 - Philadelphia 0
BOTTOM OF THE 8TH
Philadelphia Freedom batting - Pitching for Santo Domingo Rum Runners : RHP Rice Cochell
Batting: RHB Isaiah Thomas 0-0: Ground out U3 (Groundball, 34S, EV 65.0 MPH)
Batting: RHB Burgess Nalivkin 0-0: SINGLE (Groundball, 6D, EV 97.5 MPH)
Batting: RHB Art Swor 0-0: Ball
1-0: Foul Ball, location: 2F
1-1: DOUBLE (Line Drive, 9LD, EV 100.0 MPH)
Burgess Nalivkin to third
Runner from 3rd tries for Home, SAFE, throw by RF to home
Batting: RHB Garret Connors 0-0: Ground out 5-3 (Groundball, 56, EV 86.9 MPH)
Batting: RHB James Goebel 0-0: Called Strike
0-1: Ball
1-1: Called Strike
1-2: Reached on error, E3 (Groundball, 34, EV 91.9 MPH)
Art Swor to third
Batting: RHB Phillip Cox 0-0: Ball
1-0: Ball
2-0: Swinging Strike
2-1: Foul Ball, location: 2F
2-2: Strikes out looking
Bottom of the 8th over - 1 run, 2 hits, 1 error, 2 left on base; Santo Domingo 3 - Philadelphia 1
TOP OF THE 9TH
Santo Domingo Rum Runners batting - Pitching for Philadelphia Freedom : RHP Levi Quinn
Pitching: LHP Keegan Groves
Batting: LHB Ronald Anderson 0-0: Ball
1-0: Ball
2-0: Swinging Strike
2-1: Foul Ball, location: 2F
2-2: Foul Ball, location: 2F
2-2: Foul Ball, location: 2F
2-2: Strikes out swinging
Batting: LHB Kolby Carter 0-0: Ball
1-0: Ball
2-0: Called Strike
2-1: SINGLE (Line Drive, 9S, EV 99.4 MPH)
Batting: RHB Jeremy Dillingham 0-0: Ball
1-0: Ground out 5-3 (Groundball, 56S, EV 71.2 MPH)
Kolby Carter to second
Batting: RHB Devain Ecevit 0-0: Ball
1-0: Called Strike
1-1: Swinging Strike
1-2: Foul Ball, location: 2F
1-2: Strikes out swinging, 2-3 out at first.
Top of the 9th over - 0 runs, 1 hit, 0 errors, 1 left on base; Santo Domingo 3 - Philadelphia 1
BOTTOM OF THE 9TH
Philadelphia Freedom batting - Pitching for Santo Domingo Rum Runners : RHP Rice Cochell
Pitching: LHP Harry Mueller
Batting: LHB Rob Morris 0-0: Fly out, F8 (Line Drive, 8LM, EV 92.5 MPH)
Batting: RHB Mitch Marcinkowski 0-0: Ball
1-0: Ball
2-0: Ball
3-0: Called Strike
3-1: Swinging Strike
3-2: Ground out 6-3 (Groundball, 6, EV 102.5 MPH)
Pinch Hitting: RHB Joseph Flynn 0-0: Called Strike
0-1: Ground out 4-3 (Groundball, 4, EV 80.0 MPH)
Bottom of the 9th over - 0 runs, 0 hits, 0 errors, 0 left on base; Santo Domingo 3 - Philadelphia 1
Thursday, March 21st , 2024 - OOTP Baseball 23.10 Build 110